AoeStats
← SlowBoy

Arabia

503440510Analyzed
1v1 RM · 1mo ago on Aug 31, 2026· 44m 16s· 2 players
Game mode
Random Map
Map size
Tiny (2 player)
Population
200
Speed
Normal
Resources
Standard
Victory
Conquest
Starting age
Dark Age
Ending age
Imperial Age
RankedLock teamsTeams togetherTeam positionsShared explorationLock speedFull tech treeHidden civsTurbo modeCheats
Victory
Defeat
🇧🇷 Maya · Brazil
1673
+17
🇬🇧 Persians · United Kingdom
1689
-17
SlowBoy
0:27 Loom
9:48 Feudal Age
10:40 Double-Bit Axe
11:23 Horse Collar
16:47 Fletching
20:48 Castle Age
18:59 Gold Mining
19:25 Padded Archer Armor
20:50 Crossbowman
21:31 Bodkin Arrow
21:42 Thumb Ring
22:24 Bow Saw
24:32 Wheelbarrow
24:49 Ballistics
24:46 Heavy Plow
25:59 Leather Archer Armor
27:22 Town Watch
33:25 Imperial Age
31:05 Stone Mining
31:11 Pikeman
31:52 Squires
33:12 Forging
33:02 Scale Mail Armor
34:20 Bracer
35:18 Ring Archer Armor
35:30 Scale Mail Armor
36:34 Chemistry
37:10 Murder Holes
37:25 Masonry
38:16 Two-Man Saw
36:59 Arbalester
38:25 Hand Cart
39:04 Halberdier
39:56 Arson
40:29 Chain Mail Armor
40:58 Conscription
42:37 Plate Mail Armor
43:04 Architecture
43:47 Iron Casting
43:03 Elite Skirmisher
43:48 Hul'che Javelineers
Abbotale
9:43 Loom
12:11 Feudal Age
16:06 Castle Age
14:30 Double-Bit Axe
16:48 Bow Saw
21:12 Horse Collar
23:34 Town Watch
25:20 Heavy Plow
26:34 Scale Barding Armor
27:01 Bloodlines
29:11 Forging
30:21 Wheelbarrow
31:24 Chain Barding Armor
32:00 Gold Mining
35:38 Imperial Age
33:19 Husbandry
35:36 Iron Casting
35:47 Gold Shaft Mining
35:03 Stone Mining
36:35 Plate Barding Armor
35:29 Cavalier
36:47 Hand Cart
38:12 Kamandaran
38:36 Fletching
40:02 Masonry
40:32 Stone Shaft Mining
41:19 Chemistry
40:27 Thumb Ring
39:43 Crossbowman
41:32 Blast Furnace
41:10 Padded Archer Armor
41:06 Bodkin Arrow
41:43 Architecture
43:24 Leather Archer Armor
44:01 Ballistics
Connection lost

Rejoining the realm…

Still unreachable

The connection could not be restored.

Session expired

The server has moved on; the page needs a fresh start.